[Event "Titled Tuesday Blitz September 27 Late 2022"]
[White "Abdisalimov, Abdimalik"]
[Black "Besedes, Danilo"]
[WhiteFideId "14206323"]
[BlackFideId "946796"]
[WhiteElo "2401"]
[BlackElo "2352"]
[Result "0-1"]
[Round "02"]
[TimeControl "180+1"]
[Date "2022.09.27"]
[WhiteClock "0:00:38"]
[BlackClock "0:00:25"]

1. d4 Nf6 2. c4 e6 3. Nc3 Bb4 4. e3 O-O 5. Bd3 b6 6. Ne2 Bb7 7. a3 Be7 8. e4 d6 9. O-O Nbd7 10. f4 e5 11. b3 exd4 12. Nxd4 Nc5 13. Bc2 Ncxe4 14. Bb2 Nxc3 15. Bxc3 Re8 16. Nf5 Bf8 17. Qd3 Be4 18. Qg3 Bxf5 19. Bxf5 g6 20. Rae1 Bg7 21. Rxe8+ Qxe8 22. Re1 Qf8 23. Bh3 Re8 24. Qd3 Rxe1+ 25. Bxe1 Qe7 26. Bf2 Ne4 27. Be3 Nc5 28. Bxc5 bxc5 29. g3 Qe1+ 30. Bf1 Bd4+ 31. Kg2 Qf2+ 32. Kh3 h5 33. Bg2 Kg7 34. b4 cxb4 35. axb4 c5 36. b5 h4 37. Qa3 hxg3 38. hxg3 Qe2 39. Bd5 Qh5+ 40. Kg2 Qe2+ 41. Kh3 Qf1+ 42. Bg2 Qxc4 43. Qa6 Qe6+ 44. Kh2 c4 45. Qc6 c3 46. Be4 Bc5 0-1


[Site "https://www.chess.com"]

[Event "Titled Tuesday Blitz September 27 Late 2022"]
[White "Aggelis, Nikolaos"]
[Black "Gabrielian, Artur"]
[WhiteFideId "4213220"]
[BlackFideId "4131002"]
[WhiteElo "2154"]
[BlackElo "2467"]
[Result "0-1"]
[Round "02"]
[TimeControl "180+1"]
[Date "2022.09.28"]
[WhiteClock "0:00:30"]
[BlackClock "0:00:29"]

1. Nf3 Nf6 2. g3 g6 3. Bg2 Bg7 4. O-O O-O 5. d4 d5 6. c4 dxc4 7. Na3 c3 8. bxc3 c5 9. Re1 Nc6 10. e4 Bg4 11. Bb2 e6 12. h3 Bxf3 13. Bxf3 Rc8 14. Rb1 b6 15. Bg2 cxd4 16. cxd4 Ne8 17. Nc2 Nd6 18. Ba3 Re8 19. d5 exd5 20. exd5 Rxe1+ 21. Nxe1 Ne5 22. Nd3 Nxd3 23. Qxd3 Rc3 24. Qa6 Bd4 25. Bb2 Qf6 26. Bxc3 Qxf2+ 27. Kh2 Bxc3 28. Rf1 Qd2 29. Qxa7 Be5 30. Qe7 Qe3 31. Qd8+ Kg7 32. Rf3 Qd4 33. a4 h5 34. h4 Qxa4 35. Qe7 Qd4 36. Rd3 Qb2 37. Rb3 Qe2 38. Qg5 Nf5 39. Rf3 f6 40. Qc1 Nxh4 41. Qf1 Nxf3+ 42. Qxf3 Qxf3 43. Bxf3 h4 44. Kh3 Bxg3 45. Be2 f5 46. Bb5 Kf6 47. Be8 g5 48. Bd7 g4+ 49. Kg2 Bd6 50. Bc8 h3+ 51. Kf2 g3+ 52. Kf3 g2 0-1


[Site "https://www.chess.com"]

[Event "Titled Tuesday Blitz September 27 Late 2022"]
[White "Al Hosani, Omran"]
[Black "Bortnyk, Olexandr"]
[WhiteFideId "9308733"]
[BlackFideId "14120828"]
[WhiteElo "2167"]
[BlackElo "2723"]
[Result "0-1"]
[Round "02"]
[TimeControl "180+1"]
[Date "2022.09.27"]
[WhiteClock "0:00:02"]
[BlackClock "0:00:15"]

1. d4 d6 2. e4 Nf6 3. Nc3 Nbd7 4. Nf3 e5 5. Be2 Be7 6. O-O c6 7. Re1 Qc7 8. a4 O-O 9. Bf1 Re8 10. g3 Nf8 11. Bg2 Ng6 12. a5 Rb8 13. h3 b5 14. axb6 axb6 15. b3 b5 16. Bb2 b4 17. Nb1 c5 18. d5 c4 19. bxc4 Qxc4 20. Nbd2 Qc7 21. Nb3 Bd7 22. Rc1 Rec8 23. Re3 Qb6 24. Nfd2 Ne8 25. h4 Nc7 26. Nc4 Qb7 27. Nca5 Qb6 28. Nc4 Qb7 29. Nca5 Qa8 30. Ra1 Na6 31. Bf1 Bb5 32. Bxb5 Rxb5 33. Nc6 Bd8 34. Qd3 Qb7 35. Na7 Rb6 36. Nxc8 Qxc8 37. Na5 Nc5 38. Qf1 h6 39. Nc6 Kh7 40. h5 Ne7 41. Nxd8 Qxd8 42. Qc4 f5 43. Bxe5 Nxe4 44. Rxe4 fxe4 45. Qxe4+ Kg8 46. Bd4 Rb7 47. Qe6+ Kh7 48. Qe4+ Kh8 49. Qe6 Ng8 50. Ra6 Re7 51. Qxd6 Rd7 52. Qe6 Rxd5 53. Be5 Rd1+ 54. Kg2 Qd5+ 55. Qxd5 Rxd5 56. Bf4 Rxh5 57. Rb6 Rc5 58. Rxb4 Rxc2 59. Re4 Nf6 60. Re6 Ng4 61. Be3 Kg8 62. Kf3 Nf6 63. Bxh6 Kf7 64. Ra6 gxh6 65. Ra7+ Kg6 66. Ra6 Rc5 67. Rb6 Kg5 68. Ke3 Ng4+ 69. Kf3 Rf5+ 70. Kg2 Rxf2+ 71. Kg1 Re2 72. Rb5+ Ne5 73. Kf1 Re4 74. Kf2 Kg4 75. Kg2 h5 76. Ra5 Nc4 77. Ra2 Ne3+ 78. Kh2 Nf5 79. Rg2 Re3 80. Rf2 Nxg3 81. Rf8 Re2+ 82. Kg1 Kh3 0-1


[Site "https://www.chess.com"]

[Event "Titled Tuesday Blitz September 27 Late 2022"]
[White "Bartel, Mateusz"]
[Black "Poltorak, Sebastian"]
[WhiteFideId "1112635"]
[BlackFideId "1199498"]
[WhiteElo "2526"]
[BlackElo "2104"]
[Result "1-0"]
[Round "02"]
[TimeControl "180+1"]
[Date "2022.09.28"]
[WhiteClock "0:00:50"]
[BlackClock "0:00:17"]

1. Nf3 c5 2. b3 Nc6 3. Bb2 Nf6 4. e3 d5 5. Bb5 Bd7 6. O-O e6 7. d3 a6 8. Bxc6 Bxc6 9. Ne5 Qc7 10. Nd2 Nd7 11. f4 Nxe5 12. Bxe5 Qd7 13. Qh5 O-O-O 14. Nf3 f6 15. Bb2 Bd6 16. Rae1 Kb8 17. a3 Rdf8 18. b4 cxb4 19. axb4 Bxb4 20. Rb1 Bc5 21. Bd4 Bd6 22. Rb2 Qe7 23. Ra1 Ka8 24. Rb6 g6 25. Qh4 e5 26. fxe5 fxe5 27. Qxe7 Bxe7 28. Nxe5 Bd8 29. Rxc6 bxc6 30. Rxa6+ Kb8 31. Nxc6+ Kb7 32. Nb4 Be7 33. Ra7+ 1-0


[Site "https://www.chess.com"]

[Event "Titled Tuesday Blitz September 27 Late 2022"]
[White "Baskin, Robert"]
[Black "Atanasov, Anthony"]
[WhiteFideId "24662402"]
[BlackFideId "2623897"]
[WhiteElo "2488"]
[BlackElo "1933"]
[Result "0-1"]
[Round "02"]
[TimeControl "180+1"]
[Date "2022.09.28"]
[WhiteClock "0:00:03"]
[BlackClock "0:00:03"]

1. Nf3 Nf6 2. b3 d5 3. Bb2 Bf5 4. Nh4 Bg4 5. h3 Bh5 6. g4 Bg6 7. g5 Ne4 8. d3 Nxg5 9. f4 Qd6 10. Nxg6 hxg6 11. fxg5 Qg3+ 12. Kd2 e5 13. e3 Bc5 14. Qe1 Qxg5 15. Nc3 Bb4 16. a3 Bxc3+ 17. Bxc3 d4 18. Bb2 Nc6 19. h4 Qh6 20. Bg2 O-O-O 21. Rh3 Rhe8 22. Qg3 e4 23. Bxe4 dxe3+ 24. Ke1 f5 25. Bxc6 bxc6 26. Qg5 f4 27. Qxh6 gxh6 28. Ke2 g5 29. hxg5 hxg5 30. Rg1 Rd5 31. Bf6 Rf5 32. Rh8 Rxh8 33. Bxh8 Kd7 34. Bd4 c5 35. Bc3 g4 36. Be1 g3 37. Bxg3 fxg3 38. Kxe3 Rf2 39. c4 Ra2 40. b4 cxb4 41. axb4 g2 42. b5 Kd6 43. Kf3 Kc5 44. Ke4 Re2+ 45. Kf3 Rd2 46. Ke3 Rc2 47. Ke4 c6 48. bxc6 Kxc6 49. Kd4 a5 50. Ke3 a4 51. d4 a3 52. Kd3 Rf2 53. Kc3 a2 54. Kb3 Rf1 55. Rxg2 a1=Q 56. Rg6+ Kd7 57. Kb4 Qxd4 0-1


[Site "https://www.chess.com"]

[Event "Titled Tuesday Blitz September 27 Late 2022"]
[White "Bilan, Danila"]
[Black "Kamsky, Gata"]
[WhiteFideId "24161918"]
[BlackFideId "2000024"]
[WhiteElo "2164"]
[BlackElo "2666"]
[Result "0-1"]
[Round "02"]
[TimeControl "180+1"]
[Date "2022.09.27"]
[WhiteClock "0:00:04"]
[BlackClock "0:01:00"]

1. d4 f5 2. Nf3 Nf6 3. g3 g6 4. Bg2 Bg7 5. O-O O-O 6. c4 d6 7. Nc3 c6 8. Qc2 a5 9. e4 fxe4 10. Nxe4 Na6 11. a3 Bf5 12. Nxf6+ Rxf6 13. Qb3 Qd7 14. Be3 Rff8 15. Rfe1 Nc7 16. Nh4 Be6 17. Qxb7 Rab8 18. Qxc6 Qxc6 19. Bxc6 Bxc4 20. Rac1 Bd5 21. Bg5 Bxd4 22. Rc2 Bxc6 23. Rxe7 Nd5 24. Rd7 Bxd7 0-1


[Site "https://www.chess.com"]

[Event "Titled Tuesday Blitz September 27 Late 2022"]
[White "Boyer, Mahel"]
[Black "Winterberg, Lukas"]
[WhiteFideId "45102422"]
[BlackFideId "24622702"]
[WhiteElo "2454"]
[BlackElo "2349"]
[Result "1/2-1/2"]
[Round "02"]
[TimeControl "180+1"]
[Date "2022.09.28"]
[WhiteClock "0:00:24"]
[BlackClock "0:00:32"]

1. e4 e6 2. Nf3 d5 3. Nc3 Nf6 4. Bd3 c5 5. O-O Nc6 6. Re1 Be7 7. exd5 exd5 8. Bb5 O-O 9. Bxc6 bxc6 10. d3 Bg4 11. h3 Bh5 12. g4 Bg6 13. Ne5 Bd6 14. Bg5 Re8 15. f4 Bxe5 16. fxe5 Qc7 17. Bf4 Nd7 18. d4 cxd4 19. Qxd4 Nf8 20. Bg3 Ne6 21. Qf2 Qb6 22. Qxb6 axb6 23. Bf2 Bxc2 24. Rac1 Bg6 25. a4 Nf4 26. Rcd1 Nxh3+ 27. Kg2 Nf4+ 28. Kg3 Nd3 29. Re2 Nxe5 30. Bxb6 Nc4 31. Bd4 Rxe2 32. Nxe2 Bc2 33. Rc1 Bxa4 34. Ra1 Ra6 35. Nc3 Bb5 36. Re1 Ra8 37. b3 Nd6 38. Re7 Ne4+ 39. Nxe4 dxe4 40. Rxe4 h6 41. b4 Ra3+ 42. Kf4 Rb3 43. Bc5 Rd3 44. Re8+ Kh7 45. Re7 Kg6 46. Ke4 Rg3 47. Kf4 Rg2 48. Rc7 Rc2 49. Ke3 Rc4 50. Kf3 f6 51. Bf8 f5 52. Rxg7+ Kf6 53. gxf5 Kxf5 54. Rh7 Rc3+ 55. Kf2 Rh3 56. Rxh6 Rxh6 57. Bxh6 Ke4 58. Bf8 Kd5 59. Bc5 Kc4 60. Ke3 Kc3 61. Ke4 Kb3 62. Ke5 Kc4 63. Kd6 Kb3 64. Kc7 Kc4 65. Kb6 Kb3 66. Ka5 Kc4 67. Kb6 Kb3 68. Ka7 Kc4 69. Kb8 Kb3 70. Kc8 Kc4 71. Kd8 Kb3 72. Ke7 Kc4 73. Kf6 Kb3 74. Ke5 Kc4 75. Kf4 Kb3 76. Ke3 Kc4 77. Kd2 Kb3 78. Kc1 Kc4 79. Kb2 Kd5 80. Kc3 Ba6 81. Kb3 Bb5 82. Bf8 Ba6 83. Ka4 Bb5+ 84. Ka5 Kd4 85. Kb6 Kc4 86. Bc5 1/2-1/2


[Site "https://www.chess.com"]

[Event "Titled Tuesday Blitz September 27 Late 2022"]
[White "Can, Melih Kaan"]
[Black "Tanenbaum, Zachary"]
[WhiteFideId "6317383"]
[BlackFideId "2060850"]
[WhiteElo "2029"]
[BlackElo "2175"]
[Result "1-0"]
[Round "02"]
[TimeControl "180+1"]
[Date "2022.09.28"]
[WhiteClock "0:00:09"]
[BlackClock "0:00:08"]

1. e4 e5 2. Nf3 Nc6 3. Bb5 a6 4. Ba4 d6 5. c3 Nf6 6. h3 Be7 7. O-O O-O 8. Re1 b5 9. Bc2 Bb7 10. d3 Nb8 11. Nbd2 Nbd7 12. Nf1 Re8 13. Ng3 Bf8 14. Bg5 d5 15. Qe2 c5 16. Nh2 h6 17. Be3 d4 18. Bd2 Rc8 19. Nf5 c4 20. Ng4 Nc5 21. Nxf6+ Qxf6 22. dxc4 bxc4 23. Qg4 Kh7 24. Nxd4 Qb6 25. Nf5 Qxb2 26. Rac1 Nd3 27. Bxd3 Qxd2 28. Bf1 g6 29. Ne3 Bc5 30. Red1 Qb2 31. Rc2 Qb6 32. Nd5 Qe6 33. Bxc4 Bxf2+ 34. Kxf2 Rxc4 35. Qxe6 Rxe6 36. Rb1 Bc6 37. Ke3 f5 38. Rb4 Rxe4+ 39. Rxe4 fxe4 40. Kxe4 Kg7 41. c4 Be8 42. Rb2 g5 43. Rb7+ Kg8 44. Ne7+ Kf8 45. Nd5 Bg6+ 46. Ke3 e4 47. Rb8+ Kf7 48. Rb6 Re5 49. Rf6+ Kg7 50. Rd6 Rf5 51. Kxe4 Rf2+ 52. Kd4 Rd2+ 53. Kc5 Rxg2 54. Kb6 Rb2+ 55. Kc7 Rxa2 56. c5 Rc2 57. c6 Be4 58. Ne7 Kf7 59. Nd5 a5 60. Kd7 Bf5+ 61. Kd8 a4 62. c7 a3 63. Rf6+ Kg7 64. Rxf5 a2 65. Rf1 Rb2 66. Ra1 Rc2 67. c8=Q Rxc8+ 68. Kxc8 Kg6 69. Rxa2 h5 70. Kd7 g4 71. Kd6 gxh3 72. Ke5 Kg5 73. Nf4 Kg4 74. Nxh3 Kxh3 75. Kf4 h4 76. Ra3+ Kg2 77. Kg4 h3 78. Rxh3 1-0


[Site "https://www.chess.com"]

[Event "Titled Tuesday Blitz September 27 Late 2022"]
[White "Carlsen, Magnus"]
[Black "Ozdemir, Serhan Berat"]
[WhiteFideId "1503014"]
[BlackFideId "6374611"]
[WhiteElo "2830"]
[BlackElo "1882"]
[Result "1-0"]
[Round "02"]
[TimeControl "180+1"]
[Date "2022.09.27"]
[WhiteClock "0:02:15"]
[BlackClock "0:00:03"]

1. a3 Nf6 2. d4 d5 3. Nf3 Bf5 4. c4 e6 5. Nc3 h6 6. Qb3 Qc8 7. cxd5 exd5 8. Nxd5 Nxd5 9. Qxd5 Nc6 10. e4 Be6 11. Qb5 a6 12. Qa4 b5 13. Qc2 Na5 14. d5 Bg4 15. Bd2 Nb7 16. Rc1 Bd6 17. e5 Bc5 18. Be3 Bf5 19. Bd3 Bxd3 20. Qxd3 Bxe3 21. fxe3 O-O 22. O-O Qd7 23. e4 Rad8 24. Nd4 1-0


[Site "https://www.chess.com"]

[Event "Titled Tuesday Blitz September 27 Late 2022"]
[White "Danielyan, Vahe"]
[Black "So, Wesley"]
[WhiteFideId "13304828"]
[BlackFideId "5202213"]
[WhiteElo "2421"]
[BlackElo "2763"]
[Result "1-0"]
[Round "02"]
[TimeControl "180+1"]
[Date "2022.09.27"]
[WhiteClock "0:00:05"]
[BlackClock "0:00:01"]

1. e4 c5 2. Nc3 g6 3. d4 cxd4 4. Qxd4 Nf6 5. Nf3 Nc6 6. Qa4 d6 7. e5 dxe5 8. Nxe5 Bd7 9. Nxd7 Nxd7 10. Bb5 Bg7 11. Be3 O-O 12. Rd1 Bxc3+ 13. bxc3 Qc7 14. O-O Nf6 15. Bf4 Qc8 16. Rfe1 Re8 17. h3 a6 18. Bxc6 Qxc6 19. Qxc6 bxc6 20. c4 Ra7 21. Re3 Nd7 22. Bd6 Kf8 23. Rde1 Nf6 24. Bc5 Rb7 25. Rb3 Rxb3 26. axb3 Nd7 27. Bb4 c5 28. Bc3 Ra8 29. Ra1 e5 30. g4 f6 31. Kg2 Ke7 32. Kf3 Kd6 33. Ke4 Kc6 34. h4 Kb6 35. Kd5 Re8 36. Kd6 Nf8 37. Ba5+ Kb7 38. Kxc5 Ne6+ 39. Kd6 Nd4 40. c5 Re6+ 41. Kd5 Re7 42. Kd6 Re6+ 43. Kd7 Rc6 44. Bb6 h5 45. c3 Nxb3 46. Rb1 Nd2 47. Rb4 Rc8 48. Ba5+ 1-0


[Site "https://www.chess.com"]

[Event "Titled Tuesday Blitz September 27 Late 2022"]
[White "Dardha, Daniel"]
[Black "Ozates, Tuna"]
[WhiteFideId "240990"]
[BlackFideId "6354521"]
[WhiteElo "2528"]
[BlackElo "1887"]
[Result "0-1"]
[Round "02"]
[TimeControl "180+1"]
[Date "2022.09.28"]
[WhiteClock "0:00:04"]
[BlackClock "0:00:25"]

1. d4 Nf6 2. c4 e6 3. g3 d5 4. Bg2 Be7 5. Nc3 O-O 6. Nf3 dxc4 7. Ne5 Nc6 8. Bxc6 bxc6 9. Nxc6 Qe8 10. Nxe7+ Qxe7 11. Qa4 c5 12. dxc5 Qxc5 13. Be3 Qc7 14. f3 Bd7 15. Qa3 Nd5 16. Nxd5 exd5 17. Kf2 Rfe8 18. Rhd1 Be6 19. Bd4 a5 20. Rd2 h5 21. Rad1 h4 22. Kg2 f6 23. Qc5 Qd7 24. Bc3 Kf7 25. Qd4 hxg3 26. hxg3 Rh8 27. Qf4 Rh5 28. Rh1 Rxh1 29. Kxh1 Rh8+ 30. Kg1 Qe7 31. g4 g5 32. Qg3 Kg6 33. Kf2 Rh1 34. Bd4 Qh7 35. Rc2 Rd1 36. Ke3 Rxd4 37. Qd6 Qa7 38. Kf2 Rd2+ 39. Kf1 Rxc2 40. Qxe6 Rc1+ 41. Kg2 Qg1+ 42. Kh3 Qh1+ 43. Kg3 Rg1+ 44. Kf2 Qh2+ 45. Ke3 Qe5+ 46. Qxe5 fxe5 47. Kf2 Rb1 0-1


[Site "https://www.chess.com"]

[Event "Titled Tuesday Blitz September 27 Late 2022"]
[White "De La Colina, Nicolas"]
[Black "Bacrot, Etienne"]
[WhiteFideId "30946921"]
[BlackFideId "605506"]
[WhiteElo "2046"]
[BlackElo "2666"]
[Result "0-1"]
[Round "02"]
[TimeControl "180+1"]
[Date "2022.09.27"]
[WhiteClock "0:00:02"]
[BlackClock "0:00:40"]

1. e4 c5 2. c3 Nf6 3. e5 Nd5 4. Nf3 Nc6 5. d4 cxd4 6. Bc4 Nb6 7. Bb3 d5 8. exd6 Qxd6 9. O-O Be6 10. Na3 Bxb3 11. Qxb3 Qd5 12. Nb5 Qxb3 13. axb3 Kd7 14. Nbxd4 Nxd4 15. Nxd4 e5 16. Nf3 f6 17. Be3 Kc6 18. Rfd1 Bc5 19. Bxc5 Kxc5 20. Ra5+ Kc6 21. b4 Nd7 22. Rad5 Rad8 23. Rd6+ Kc7 24. Kf1 Nb6 25. Rxd8 Rxd8 26. Ra1 a6 27. Ke2 Nc4 28. b3 Nd6 29. Nd2 h5 30. f3 h4 31. Ne4 Nxe4 32. fxe4 Kc6 33. Ke3 Rd6 34. h3 Kd7 35. Ke2 Ke6 36. Ra5 g6 37. b5 f5 38. exf5+ gxf5 39. bxa6 bxa6 40. b4 Kf6 41. c4 e4 42. c5 Re6 43. b5 axb5 44. Rxb5 Rc6 45. Ke3 Ke5 46. Ra5 f4+ 47. Ke2 Kd4 48. Ra4+ Kd5 49. Ra8 Rg6 50. Rd8+ Kxc5 51. Kf2 Rf6 52. Re8 Kd5 53. Rh8 e3+ 54. Ke2 Ra6 55. Rxh4 Ke4 56. Rh8 Ra2+ 57. Ke1 Rxg2 58. h4 Kf3 59. Kd1 e2+ 60. Kd2 Kf2 61. Re8 f3 62. Re3 Rg1 63. h5 Rd1+ 64. Kc2 Kxe3 0-1


[Site "https://www.chess.com"]

[Event "Titled Tuesday Blitz September 27 Late 2022"]
[White "Diaz Perez, Michel Alejandro"]
[Black "Xiong, Jeffery"]
[WhiteFideId "3517179"]
[BlackFideId "2047640"]
[WhiteElo "2313"]
[BlackElo "2714"]
[Result "0-1"]
[Round "02"]
[TimeControl "180+1"]
[Date "2022.09.27"]
[WhiteClock "0:00:08"]
[BlackClock "0:00:32"]

1. Nf3 d5 2. g3 g6 3. Bg2 Bg7 4. O-O e5 5. d3 Nc6 6. c4 dxc4 7. dxc4 Qxd1 8. Rxd1 e4 9. Ng5 Nd4 10. Nc3 f5 11. Nd5 Nxe2+ 12. Kf1 Nxc1 13. Nxc7+ Ke7 14. Raxc1 Rb8 15. h4 Nf6 16. Nd5+ Ke8 17. f3 h6 18. Nh3 Nh5 19. Kf2 Bxb2 20. Rc2 Be5 21. Nhf4 e3+ 22. Kxe3 Nxf4 23. Nxf4 Kf7 24. h5 g5 25. Ng6 Re8 26. Kf2 Bc7 27. f4 Kf6 28. Bd5 Bd7 29. Rb2 Bb6+ 30. Kg2 Ba4 31. Rdd2 Re1 32. Re2 Re8 33. Rxe8 Bxe8 34. c5 Bxc5 35. Rxb7 Rg1+ 36. Kh2 Rd1 37. Bb3 Rd2+ 38. Kh1 Bc6+ 0-1


[Site "https://www.chess.com"]

[Event "Titled Tuesday Blitz September 27 Late 2022"]
[White "Diaz Rosas, Julio Cesar"]
[Black "Svane, Frederik"]
[WhiteFideId "5105099"]
[BlackFideId "12923044"]
[WhiteElo "2278"]
[BlackElo "2459"]
[Result "0-1"]
[Round "02"]
[TimeControl "180+1"]
[Date "2022.09.28"]
[WhiteClock "0:00:04"]
[BlackClock "0:00:04"]

1. e4 c5 2. Nf3 e6 3. g3 Nc6 4. Bg2 Nf6 5. e5 Ng4 6. Qe2 Qc7 7. d4 cxd4 8. Bf4 d6 9. exd6 Bxd6 10. Bxd6 Qxd6 11. O-O O-O 12. Nbd2 Nf6 13. Rfe1 Rd8 14. Rad1 Qb4 15. Nc4 Qc5 16. a3 a5 17. h4 Bd7 18. Qd3 Be8 19. Nce5 Rac8 20. Rd2 Nxe5 21. Rxe5 Qb6 22. h5 h6 23. b3 Qc7 24. Qe2 Qc3 25. Qd1 a4 26. Nxd4 axb3 27. cxb3 Rd7 28. Re3 Qc1 29. b4 Nxh5 30. Re1 Qc3 31. Re3 Qc1 32. Re1 Qxd1 33. Rexd1 Nf6 34. Nb3 Rxd2 35. Rxd2 b6 36. Bf3 Kf8 37. Kg2 Ke7 38. Nd4 g5 39. Rc2 Rxc2 40. Nxc2 g4 41. Be2 Bc6+ 42. Kf1 e5 43. Ne3 h5 44. Nf5+ Ke6 45. Ne3 Nd7 46. Bc4+ Ke7 47. Ke2 b5 48. Bd3 Ke6 49. Bf5+ Kd6 50. Bc2 Nb6 51. Nf5+ Kd5 52. Ng7 Nc4 53. Bb3 Kd4 54. Bxc4 Kxc4 55. Nxh5 Kb3 56. Nf6 Bf3+ 57. Ke3 Kxa3 58. Nd7 Kxb4 59. Nxe5 Kc3 60. Nxf7 b4 61. Nd6 b3 62. Nb5+ Kb4 63. Nd4 b2 64. Nc2+ Kb3 65. Nd4+ Ka3 66. Nc2+ Ka2 67. Nb4+ Kb3 0-1


[Site "https://www.chess.com"]

[Event "Titled Tuesday Blitz September 27 Late 2022"]
[White "Ekdyshman, Mikhail"]
[Black "Prydun, Andriy"]
[WhiteFideId "4149416"]
[BlackFideId "14145898"]
[WhiteElo "2146"]
[BlackElo "2163"]
[Result "1-0"]
[Round "02"]
[TimeControl "180+1"]
[Date "2022.09.28"]
[WhiteClock "0:00:05"]
[BlackClock "0:00:02"]

1. e4 c6 2. d4 d5 3. exd5 c5 4. dxc5 Nf6 5. c4 g6 6. b4 a5 7. b5 Qc7 8. Be3 Bg7 9. Nd2 Ng4 10. c6 Nxe3 11. fxe3 Qe5 12. Rc1 Qxe3+ 13. Qe2 Qa3 14. Rd1 O-O 15. Ngf3 e6 16. Qd3 Qb4 17. a3 Qb2 18. Be2 exd5 19. cxd5 Bf5 20. Qc4 Qxa3 21. O-O Qe7 22. Rfe1 Qe3+ 23. Kh1 Qb6 24. Bd3 Bxd3 25. Qxd3 a4 26. Rb1 a3 27. Nc4 Qc5 28. Nce5 a2 29. Ra1 Re8 30. h3 Ra3 31. Qd2 Rxf3 32. Nxf3 Rxe1+ 33. Qxe1 Bxa1 34. Qxa1 Qc2 35. Ng1 Qb1 36. Qe5 a1=Q 37. Qxb8+ Kg7 38. Qh2 Qxb5 39. c7 Qd7 40. d6 Qf6 41. Nf3 Qfxd6 42. Qxd6 Qxd6 43. c8=Q Qd1+ 44. Ng1 Qd6 45. Qc3+ Kg8 46. Qb3 b6 47. Nf3 Kg7 48. Kg1 h6 49. Kf2 Qf6 50. Ke3 g5 51. Qb5 Qf4+ 52. Ke2 Qf6 53. Qb3 Kg6 54. Qd3+ Kg7 55. Nd4 Qe5+ 56. Kf1 Qf6+ 57. Nf5+ Kg6 58. g4 h5 59. Kg2 hxg4 60. hxg4 Qe5 61. Ng3+ Kg7 62. Nf5+ Kf8 63. Qd8+ Qe8 64. Qxg5 1-0


[Site "https://www.chess.com"]

[Event "Titled Tuesday Blitz September 27 Late 2022"]
[White "Fernandez De La Vara, Arnaldo"]
[Black "Bluebaum, Matthias"]
[WhiteFideId "3518388"]
[BlackFideId "24651516"]
[WhiteElo "2387"]
[BlackElo "2633"]
[Result "0-1"]
[Round "02"]
[TimeControl "180+1"]
[Date "2022.09.27"]
[WhiteClock "0:00:08"]
[BlackClock "0:00:50"]

1. Nf3 d5 2. b3 Bg4 3. Bb2 Nd7 4. g3 e6 5. Bg2 Ngf6 6. O-O Bd6 7. d3 O-O 8. h3 Bh5 9. Nbd2 Qe7 10. a4 c6 11. e4 dxe4 12. dxe4 Be5 13. Ba3 c5 14. Rb1 Bc3 15. g4 Bg6 16. Qe2 a6 17. Bb2 Bxb2 18. Rxb2 Rfd8 19. Rbb1 e5 20. Ne1 Ne8 21. Nd3 Nc7 22. Nc4 Ne6 23. Qe3 f6 24. a5 Bf7 25. c3 Ndf8 26. Nb6 Rab8 27. Nd5 Qe8 28. b4 c4 29. Nc5 Ng6 30. Nxe6 Bxe6 31. f4 Bxd5 32. exd5 Nxf4 33. Be4 Nxd5 34. Qc5 Nf4 35. Qxc4+ Kh8 36. Bc2 Rbc8 37. Qe4 g6 38. Rf3 Qf7 39. Re1 Rc4 40. Qe3 Qc7 41. g5 fxg5 42. Bb3 Rc6 43. Qxe5+ Qxe5 44. Rxe5 h6 45. h4 Rd3 46. Rxd3 Nxd3 47. Re8+ Kg7 48. hxg5 hxg5 49. Re7+ Kf6 50. Rf7+ Ke5 51. Rxb7 Rxc3 52. Bf7 Rc1+ 53. Kh2 Nf4 54. b5 Rc2+ 55. Kg3 Rg2+ 56. Kf3 g4+ 57. Ke3 Re2# 0-1


[Site "https://www.chess.com"]

[Event "Titled Tuesday Blitz September 27 Late 2022"]
[White "Gheorghiu, Calin"]
[Black "Gokerkan, Cem Kaan"]
[WhiteFideId "1200305"]
[BlackFideId "6336760"]
[WhiteElo "2168"]
[BlackElo "2364"]
[Result "0-1"]
[Round "02"]
[TimeControl "180+1"]
[Date "2022.09.28"]
[WhiteClock "0:00:09"]
[BlackClock "0:00:29"]

1. d4 Nf6 2. Bf4 c5 3. e3 Qb6 4. Nc3 d6 5. Bb5+ Bd7 6. a4 Nc6 7. d5 Na5 8. Nf3 a6 9. Bxd7+ Nxd7 10. O-O Qxb2 11. Qd2 Qb6 12. Rab1 Qc7 13. e4 g6 14. Bh6 Nc4 15. Qg5 Nde5 16. Nxe5 Nxe5 17. f4 Nc4 18. Bxf8 Rxf8 19. e5 O-O-O 20. e6 Nd2 21. f5 Nxb1 22. Rxb1 gxf5 23. Qxf5 fxe6 24. Qxe6+ Qd7 25. Qe3 Rf5 26. Ne4 Rdf8 27. Qb3 Rf4 28. Nd2 Rb4 29. Qd3 Rxb1+ 30. Nxb1 Qxa4 31. h3 Qd4+ 0-1


[Site "https://www.chess.com"]

[Event "Titled Tuesday Blitz September 27 Late 2022"]
[White "Gubajdullin, Alexei"]
[Black "Petrosyan, Manuel"]
[WhiteFideId "4141202"]
[BlackFideId "13300857"]
[WhiteElo "2195"]
[BlackElo "2592"]
[Result "1/2-1/2"]
[Round "02"]
[TimeControl "180+1"]
[Date "2022.09.27"]
[WhiteClock "0:00:04"]
[BlackClock "0:00:05"]

1. d4 Nf6 2. Nf3 g6 3. Bf4 Bg7 4. e3 O-O 5. Be2 d6 6. O-O Nc6 7. h3 e5 8. Bh2 exd4 9. exd4 b6 10. c3 Bb7 11. Nbd2 Qd7 12. Re1 Ne7 13. Qc2 Ned5 14. Bd3 Nh5 15. a4 a6 16. Bc4 b5 17. axb5 axb5 18. Bf1 h6 19. Qb3 Bc6 20. Bxb5 Rxa1 21. Rxa1 Bxb5 22. Qxd5 Bc6 23. Qc4 Nf6 24. Ra7 Re8 25. Qa6 Ne4 26. Nf1 Bb5 27. Qa5 Bxf1 28. Kxf1 Qe6 29. Qa1 Ng5 30. Ra8 Qe2+ 31. Kg1 Rxa8 32. Qxa8+ Bf8 33. Bg3 Qxb2 34. Nxg5 hxg5 35. Qc6 Qb8 36. d5 Qd8 37. c4 Qe7 38. c5 Kh7 39. Kh2 f5 40. f4 gxf4 41. Bxf4 g5 42. Bg3 f4 43. Bf2 Bg7 44. cxd6 cxd6 45. Qc2+ Kh6 46. Qf5 Be5 47. Bb6 f3+ 48. Kh1 fxg2+ 49. Kxg2 Qb7 50. Qe6+ Kg7 51. Bf2 Qf7 52. Qxf7+ Kxf7 53. Be3 Kg6 54. Kf3 Kf5 55. Bd2 Bf6 56. Bc1 Be7 57. Bb2 Bd8 58. Bc3 Bb6 59. Bb2 Bc5 60. Bc3 Ba3 61. Bd4 Bc1 62. Bc3 Bf4 63. Bb2 Be5 64. Bc1 Bd4 65. Bd2 Bb2 66. Be3 Bf6 67. Bd2 Bd8 68. Bc3 Bb6 69. Bb2 Bg1 70. Bc3 Bh2 71. Bb2 Be5 72. Bc1 Bd4 73. Bd2 Bb2 74. Be3 Bc3 75. Bc1 Bf6 76. Bd2 Bg7 77. Bc1 Bh6 78. Bd2 Ke5 79. Kg4 Kxd5 80. Bxg5 Bg7 81. Bf4 Ke6 82. Bxd6 Kxd6 83. h4 Ke6 84. h5 Kf7 85. h6 Bxh6 1/2-1/2


[Site "https://www.chess.com"]

[Event "Titled Tuesday Blitz September 27 Late 2022"]
[White "Guzman, Christopher"]
[Black "Paravyan, David"]
[WhiteFideId "6405096"]
[BlackFideId "4194985"]
[WhiteElo "2244"]
[BlackElo "2555"]
[Result "0-1"]
[Round "02"]
[TimeControl "180+1"]
[Date "2022.09.27"]
[WhiteClock "0:00:26"]
[BlackClock "0:00:13"]

1. e4 e5 2. Nf3 Nf6 3. Nxe5 d6 4. Nf3 Nxe4 5. Nc3 Nxc3 6. dxc3 Be7 7. Be3 O-O 8. Qd2 Nd7 9. O-O-O Nf6 10. Bd3 Re8 11. Ng5 h6 12. h4 d5 13. f3 c5 14. Qf2 Qa5 15. Kb1 c4 16. Be2 b5 17. g4 b4 18. Bd4 Rb8 19. cxb4 Qxb4 20. Nh3 Bc5 21. Rhe1 c3 22. b3 Qa3 23. Bxc3 Bxf2 24. Nxf2 Be6 25. g5 Rec8 26. Bb2 Qc5 27. gxf6 Qxf2 28. Bd3 g6 29. h5 Bf5 30. Bxf5 gxf5 31. Rg1+ Kh8 32. Be5 Qxc2+ 33. Ka1 Rxb3 34. axb3 Rc6 35. Rd4 Ra6+ 36. Ra4 Rxa4+ 37. bxa4 Qxa4+ 38. Kb1 d4 39. Bf4 Qb3+ 40. Kc1 Qc3+ 41. Kb1 Qb3+ 42. Kc1 d3 43. Rg2 Qc4+ 44. Kd2 Qxf4+ 45. Kxd3 Qxf3+ 0-1


[Site "https://www.chess.com"]